[Event "Titled Tuesday Blitz May 31 Late 2022"]
[White "Reprintsev, Alexander"]
[Black "Rios Escobar, Adan"]
[WhiteFideId "14100541"]
[BlackFideId "3403645"]
[WhiteElo "2108"]
[BlackElo "2424"]
[Result "1-0"]
[Round "11"]
[TimeControl "180+1"]
[Date "2022.06.01"]
[WhiteClock "0:00:13"]
[BlackClock "0:00:09"]

1. e4 c5 2. b3 d5 3. exd5 Qxd5 4. Nc3 Qd6 5. Bb2 Nf6 6. Qe2 Nc6 7. O-O-O a6 8. Nf3 Bg4 9. Qe3 Nd4 10. Be2 Nxe2+ 11. Nxe2 e6 12. Ne5 Bxe2 13. Qxe2 Be7 14. Nc4 Qd8 15. g4 O-O 16. g5 Nd5 17. Qe5 f6 18. Qxe6+ Kh8 19. Rde1 Re8 20. Qf7 b5 21. Ne3 Nxe3 22. Rxe3 Ra7 23. gxf6 1-0


[Site "https://www.chess.com"]

[Event "Titled Tuesday Blitz May 31 Late 2022"]
[White "Riehle, Marco"]
[Black "Lobanov, Sergei"]
[WhiteFideId "12904392"]
[BlackFideId "24183750"]
[WhiteElo "2462"]
[BlackElo "2524"]
[Result "1-0"]
[Round "11"]
[TimeControl "180+1"]
[Date "2022.05.31"]
[WhiteClock "0:00:30"]
[BlackClock "0:00:01"]

1. e4 e5 2. Nf3 Nc6 3. Bc4 Nf6 4. d4 exd4 5. O-O Nxe4 6. Nc3 Nd6 7. Re1+ Be7 8. Nd5 Nxc4 9. Nxe7 Nxe7 10. Qxd4 O-O 11. Qxc4 d5 12. Qc3 c6 13. b4 Re8 14. Bb2 f6 15. a4 Bg4 16. Nd4 Qd6 17. a5 Ng6 18. Rxe8+ Rxe8 19. a6 bxa6 20. Qxc6 Qxc6 21. Nxc6 Be2 22. Nxa7 Bc4 23. Nc6 Nf4 24. g3 Ne2+ 25. Kg2 Kf7 26. Nd4 Nxd4 27. Bxd4 Re2 28. c3 g5 29. Ra5 g4 30. Rc5 Bd3 31. Rc7+ Ke8 32. Bxf6 Re1 33. f4 Re2+ 34. Kg1 Be4 35. Re7+ Kf8 36. Re5 Rg2+ 37. Kf1 Rxh2 38. Rg5 h5 39. Bd4 Bf3 40. f5 Rh1+ 41. Kf2 Rh2+ 42. Kf1 Rh1+ 43. Kf2 Rh2+ 44. Ke3 Re2+ 45. Kd3 Re8 46. f6 Be2+ 47. Kd2 Bf3 48. Rg7 1-0


[Site "https://www.chess.com"]

[Event "Titled Tuesday Blitz May 31 Late 2022"]
[White "Romanchuk, Viktor"]
[Black "Blackman, Justin"]
[WhiteFideId "14109271"]
[BlackFideId "11100516"]
[WhiteElo "2242"]
[BlackElo "2112"]
[Result "1-0"]
[Round "11"]
[TimeControl "180+1"]
[Date "2022.05.31"]
[WhiteClock "0:00:22"]
[BlackClock "0:00:22"]

1. d4 Nf6 2. c4 e6 3. Nc3 Bb4 4. e3 O-O 5. Ne2 c6 6. a3 Ba5 7. Qc2 d5 8. Ng3 Nbd7 9. Be2 Re8 10. O-O dxc4 11. Bxc4 e5 12. Rd1 Qe7 13. b4 Bc7 14. Bb2 Nb6 15. Bb3 Bg4 16. Rd2 Rad8 17. Nce4 exd4 18. Rxd4 Rxd4 19. Nxf6+ Qxf6 20. Bxd4 Qg6 21. Qxg6 hxg6 22. f3 Be6 23. Bxe6 Rxe6 24. Kf2 f6 25. Ne4 Re7 26. h3 Bb8 27. Bc5 Rd7 28. Ke2 Nc4 29. Ra2 b6 30. Bd4 Kf7 31. Nd2 Nxd2 32. Rxd2 Ke6 33. a4 Be5 34. Bxe5 Rxd2+ 35. Kxd2 Kxe5 36. Kd3 f5 37. Kc4 g5 38. g3 a6 39. a5 bxa5 40. bxa5 Kd6 41. h4 gxh4 42. gxh4 g6 43. e4 f4 44. Kd4 Ke6 45. Kc5 Kd7 46. Kb6 Kd6 47. Kxa6 Kc7 48. e5 Kd7 49. Kb6 Ke6 50. a6 Kxe5 51. a7 Kd4 52. a8=Q Ke3 53. Qxc6 Kf2 54. Qe4 Kg3 55. Qxg6+ Kxf3 56. h5 Ke2 57. Qe4+ 1-0


[Site "https://www.chess.com"]

[Event "Titled Tuesday Blitz May 31 Late 2022"]
[White "Rosen, Eric"]
[Black "Jarocka, Liwia"]
[WhiteFideId "2032562"]
[BlackFideId "21807558"]
[WhiteElo "2362"]
[BlackElo "1887"]
[Result "1-0"]
[Round "11"]
[TimeControl "180+1"]
[Date "2022.05.31"]
[WhiteClock "0:00:05"]
[BlackClock "0:00:02"]

1. d4 d5 2. Bf4 Nf6 3. e3 e6 4. Nf3 Bd6 5. Ne5 O-O 6. Nd2 c5 7. c3 Qc7 8. Bd3 Nbd7 9. Ndf3 Ne4 10. O-O f6 11. Nxd7 Bxd7 12. Bxd6 Nxd6 13. Re1 Be8 14. Qb1 g6 15. e4 dxe4 16. Bxe4 Bf7 17. Qc1 cxd4 18. Nxd4 e5 19. Nf3 Nxe4 20. Rxe4 Rae8 21. Qh6 Bd5 22. Re3 Qg7 23. Qh4 Rd8 24. Rae1 Rfe8 25. Qa4 a6 26. h3 Qf7 27. b3 Bc6 28. Qb4 Qf8 29. Qc4+ Qf7 30. Qb4 Qf8 31. Qh4 Qe7 32. c4 Qf7 33. Qg3 Bxf3 34. Qxf3 Rd2 35. R3e2 Red8 36. Kh2 Kg7 37. h4 Qc7 38. g3 h5 39. Qe3 Rxe2 40. Rxe2 Qd6 41. Qe4 Rd7 42. Rc2 Qd4 43. Qxd4 exd4 44. Kg2 f5 45. f4 Kf6 46. Kf2 Ke6 47. Re2+ Kd6 48. Re5 Kc6 49. Ke2 Rd6 50. Kd3 b5 51. c5 Rd7 52. b4 a5 53. Re6+ Kd5 54. Rd6+ Rxd6 55. cxd6 Kxd6 56. bxa5 Kc5 57. a3 1-0


[Site "https://www.chess.com"]

[Event "Titled Tuesday Blitz May 31 Late 2022"]
[White "Rostovtsev, Dmitry"]
[Black "Abarca Gonzalez, Nicolas"]
[WhiteFideId "34278320"]
[BlackFideId "3409422"]
[WhiteElo "2274"]
[BlackElo "2504"]
[Result "1/2-1/2"]
[Round "11"]
[TimeControl "180+1"]
[Date "2022.05.31"]
[WhiteClock "0:00:18"]
[BlackClock "0:01:05"]

1. e4 c5 2. Nf3 d6 3. d4 cxd4 4. Qxd4 Nf6 5. h3 a6 6. c4 Nc6 7. Qe3 g6 8. Nc3 Bg7 9. Be2 O-O 10. O-O Nd7 11. b3 e5 12. Bb2 Nd4 13. Nd5 Nc2 14. Qd2 Nxa1 15. Rxa1 Nc5 16. Qe3 f5 17. exf5 gxf5 18. Rd1 f4 19. Qd2 e4 20. Bxg7 Kxg7 21. Nh2 Qg5 22. Nb6 Rb8 23. b4 Nd7 24. Qxd6 f3 25. Bf1 fxg2 26. Bxg2 Nxb6 27. Qxb8 Bxh3 28. Qxb7+ Kh8 29. Qxe4 Rg8 30. Qd4+ Rg7 31. Qd8+ Rg8 32. Qd4+ Rg7 33. Qd8+ Rg8 34. Qd4+ 1/2-1/2


[Site "https://www.chess.com"]

[Event "Titled Tuesday Blitz May 31 Late 2022"]
[White "Sadhwani, Raunak"]
[Black "Livaic, Leon"]
[WhiteFideId "35093487"]
[BlackFideId "14531534"]
[WhiteElo "2616"]
[BlackElo "2540"]
[Result "0-1"]
[Round "11"]
[TimeControl "180+1"]
[Date "2022.05.31"]
[WhiteClock "0:00:07"]
[BlackClock "0:00:06"]

1. d4 Nf6 2. Nf3 e6 3. Bf4 b6 4. e3 Bb7 5. Nbd2 c5 6. h3 cxd4 7. exd4 Be7 8. Be2 O-O 9. O-O d6 10. Bh2 Nbd7 11. a4 a6 12. a5 b5 13. c4 bxc4 14. Nxc4 Qb8 15. Qa4 Rc8 16. Qa3 Ne8 17. Ne3 Ndf6 18. Nd2 Qa7 19. Ndc4 Rd8 20. Nb6 Rab8 21. Rfc1 Nd7 22. Nec4 Nxb6 23. Nxb6 Be4 24. Qe3 Nf6 25. Ra3 Qb7 26. Bf1 Nd7 27. Rb3 Bc6 28. Rcc3 Bb5 29. Bxb5 axb5 30. Rxb5 Qa6 31. Qd3 Nxb6 32. axb6 Rxb6 33. Rxb6 Qxb6 34. b3 Bf6 35. Rc4 d5 36. Ra4 Rc8 37. Bg3 h5 38. h4 g6 39. Qe3 Qc6 40. Ra7 Qc1+ 41. Kh2 Qxe3 42. fxe3 Rc3 43. b4 Rxe3 44. b5 Rb3 45. Rb7 Bxd4 46. Bc7 Kg7 47. b6 Kf6 48. Bd8+ Kg7 49. Rb8 Be5+ 0-1


[Site "https://www.chess.com"]

[Event "Titled Tuesday Blitz May 31 Late 2022"]
[White "Sarana, Alexey"]
[Black "Nakamura, Hikaru"]
[WhiteFideId "24133795"]
[BlackFideId "2016192"]
[WhiteElo "2666"]
[BlackElo "2850"]
[Result "1/2-1/2"]
[Round "11"]
[TimeControl "180+1"]
[Date "2022.05.31"]
[WhiteClock "0:00:07"]
[BlackClock "0:00:07"]

1. d4 Nf6 2. c4 e6 3. Nc3 Bb4 4. e3 O-O 5. Bd3 c5 6. Ne2 d5 7. a3 Bxc3+ 8. bxc3 dxc4 9. Bxc4 Qc7 10. Bd3 Nc6 11. O-O Rd8 12. Ng3 e5 13. f4 exd4 14. cxd4 b5 15. Nh5 Nd5 16. Qc2 cxd4 17. e4 Ne3 18. Bxe3 dxe3 19. e5 Qb6 20. Rfe1 Bg4 21. Bxh7+ Kh8 22. Ng3 e2+ 23. Kh1 Rd1 24. Be4 Rad8 25. Nxe2 Rxe1+ 26. Rxe1 Qf2 27. Qc1 Nxe5 28. fxe5 Bxe2 29. h3 Bc4 30. Bf3 Rd2 31. Rd1 Rxd1+ 32. Qxd1 Be6 33. Qd8+ Kh7 34. Qd3+ g6 35. Qxb5 Qd4 36. a4 Bd7 37. Qa5 Bxa4 38. Qc7 Bb3 39. Bg4 Qe3 40. e6 Bxe6 41. Bxe6 Qe1+ 42. Kh2 Qxe6 43. Qxa7 Qe5+ 44. Kh1 Kg7 45. Qg1 Qf6 46. Qe1 Qf5 47. Kg1 Qf6 48. Qf2 Qe6 49. Qf3 Qe1+ 50. Kh2 Qe5+ 51. Kg1 Qe1+ 1/2-1/2


[Site "https://www.chess.com"]

[Event "Titled Tuesday Blitz May 31 Late 2022"]
[White "Shapiro, David"]
[Black "Jones, Gawain C B"]
[WhiteFideId "24133523"]
[BlackFideId "409561"]
[WhiteElo "2300"]
[BlackElo "2657"]
[Result "1-0"]
[Round "11"]
[TimeControl "180+1"]
[Date "2022.05.31"]
[WhiteClock "0:00:09"]
[BlackClock "0:00:05"]

1. d4 d5 2. c4 c6 3. cxd5 cxd5 4. Nc3 Nc6 5. Bf4 e6 6. e3 Nf6 7. Bd3 Bd6 8. Bg3 O-O 9. Nf3 Re8 10. Rc1 e5 11. dxe5 Nxe5 12. Nxe5 Bxe5 13. O-O Bg4 14. Be2 Bxe2 15. Nxe2 Bxb2 16. Rb1 Be5 17. Rxb7 Bxg3 18. Nxg3 Ne4 19. Qd4 Nxg3 20. hxg3 Qa5 21. a4 Re4 22. Qb2 h5 23. Rb8+ Rxb8 24. Qxb8+ Kh7 25. Qb7 Kg6 26. Rd1 Rxa4 27. Qc6+ Kh7 28. Rxd5 Qe1+ 29. Kh2 Ra5 30. Qc2+ g6 31. Qc7 Rxd5 32. Qxf7+ Kh6 33. Qf8+ Kh7 34. Qf7+ Kh8 35. Qxd5 Qxf2 36. Qa8+ Kg7 37. Qxa7+ Kh6 38. Qd4 Kh7 39. Qf4 Qe2 40. e4 Qd3 41. e5 Qd5 42. Qf6 h4 43. Qxh4+ Kg8 44. Qf6 Kh7 45. e6 Kg8 46. Qf7+ Kh8 47. Qf6+ Kg8 48. e7 Qh5+ 49. Qh4 Qe5 50. Kh3 Qe6+ 51. Qg4 Qxe7 52. Qxg6+ Kh8 53. Qh6+ Kg8 54. Qh4 Qe1 55. Qg4+ Kh8 56. Kh4 Qh1+ 57. Kg5 Qa1 58. Qf5 Kg8 59. Qg6+ Kh8 60. Qf6+ Qxf6+ 61. Kxf6 Kh7 62. g4 Kg8 63. g5 Kf8 64. g6 Kg8 65. g7 Kh7 66. Kf7 1-0


[Site "https://www.chess.com"]

[Event "Titled Tuesday Blitz May 31 Late 2022"]
[White "Shuvalova, Polina"]
[Black "Fier, Alexandr"]
[WhiteFideId "24171760"]
[BlackFideId "2107139"]
[WhiteElo "2355"]
[BlackElo "2571"]
[Result "1-0"]
[Round "11"]
[TimeControl "180+1"]
[Date "2022.05.31"]
[WhiteClock "0:01:16"]
[BlackClock "0:02:05"]

1. e4 c5 2. Nc3 a6 3. Nge2 b5 4. g3 Bb7 5. Bg2 e6 6. O-O h5 7. d4 cxd4 8. Nxd4 h4 9. Re1 hxg3 10. hxg3 Qc7 11. Bf4 d6 12. Ndxb5 axb5 13. Nxb5 Qb6 14. Nxd6+ Bxd6 15. Qxd6 Qxd6 16. Bxd6 Nf6 17. a4 Nfd7 18. b4 Nc6 19. e5 Nd8 20. c4 Bxg2 21. Kxg2 Nb6 22. c5 Nd5 23. b5 f5 24. a5 Nb7 25. a6 Nxd6 26. exd6 Kd7 27. Rad1 Rhc8 28. Rxd5 exd5 29. Re7+ Kd8 30. c6 1-0


[Site "https://www.chess.com"]

[Event "Titled Tuesday Blitz May 31 Late 2022"]
[White "Sibilio, Mario"]
[Black "Suich, Peter D"]
[WhiteFideId "800422"]
[BlackFideId "2050366"]
[WhiteElo "2296"]
[BlackElo "2436"]
[Result "1-0"]
[Round "11"]
[TimeControl "180+1"]
[Date "2022.06.01"]
[WhiteClock "0:01:00"]
[BlackClock "0:00:04"]

1. d4 d5 2. Nf3 Nf6 3. c4 c6 4. Nc3 dxc4 5. e4 b5 6. a3 e6 7. Be2 Nbd7 8. O-O Bb7 9. e5 Nd5 10. Ne4 h6 11. b3 c3 12. Qc2 a6 13. Nxc3 Nxc3 14. Qxc3 c5 15. a4 cxd4 16. Qxd4 Bc5 17. Qg4 g6 18. axb5 h5 19. Qf4 axb5 20. Rxa8 Qxa8 21. Bxb5 Bxf3 22. Bxd7+ Kxd7 23. Qxf7+ Be7 24. gxf3 Qd5 25. Bg5 Re8 26. Ra1 Qd4 27. Ra6 Qxe5 28. Bxe7 Rxe7 29. Ra7+ Kc6 30. Qxe7 Qe1+ 31. Kg2 Qc3 32. Rc7+ 1-0


[Site "https://www.chess.com"]

[Event "Titled Tuesday Blitz May 31 Late 2022"]
[White "Song, Michael"]
[Black "Maksimenko, Viktor"]
[WhiteFideId "2613190"]
[BlackFideId "13710478"]
[WhiteElo "2274"]
[BlackElo "2269"]
[Result "1-0"]
[Round "11"]
[TimeControl "180+1"]
[Date "2022.05.31"]
[WhiteClock "0:00:59"]
[BlackClock "0:00:25"]

1. d4 Nf6 2. c4 e6 3. Nc3 Bb4 4. e3 O-O 5. Bd3 d5 6. cxd5 exd5 7. a3 Be7 8. Qc2 c5 9. dxc5 Bxc5 10. Nf3 Nc6 11. b4 Bb6 12. Bb2 Bg4 13. Ne2 Rc8 14. Qb3 Re8 15. b5 Na5 16. Qb4 Nc4 17. Bxc4 Rxc4 18. Qb3 Ne4 19. O-O Bxf3 20. gxf3 Nd2 21. Qd3 Nxf1 22. Rxf1 Qg5+ 23. Kh1 Qh5 24. e4 Rc5 25. Rg1 f6 26. Bxf6 g6 27. Nf4 Qh6 28. Nxd5 Rc1 29. f4 Rxg1+ 30. Kxg1 Qh5 31. e5 Bc5 32. Bg5 Qg4+ 33. Kf1 Rc8 34. Nf6+ Kh8 35. Nxg4 1-0


[Site "https://www.chess.com"]

[Event "Titled Tuesday Blitz May 31 Late 2022"]
[White "Svicevic, Rastko"]
[Black "Yurasova, Daria"]
[WhiteFideId "916315"]
[BlackFideId "34146919"]
[WhiteElo "2132"]
[BlackElo "2021"]
[Result "0-1"]
[Round "11"]
[TimeControl "180+1"]
[Date "2022.06.01"]
[WhiteClock "0:00:08"]
[BlackClock "0:00:11"]

1. d4 d5 2. Bg5 f6 3. Bh4 Nh6 4. f3 Be6 5. c3 Bf7 6. e4 e6 7. Bd3 Be7 8. Ne2 O-O 9. O-O c5 10. dxc5 Bxc5+ 11. Kh1 Nc6 12. Nd2 d4 13. Nb3 Bb6 14. cxd4 Nxd4 15. e5 Nhf5 16. Nexd4 Nxh4 17. exf6 Qxf6 18. Rc1 Rad8 19. Ne2 Nf5 20. Qc2 Ne3 21. Qb1 Nxf1 22. Rxf1 Bg6 23. Bxg6 Qxg6 24. Qc1 Qd3 25. Nc3 Qe3 26. Qb1 h6 27. Ne4 Qd3 28. Qe1 a5 29. Ng3 a4 30. Qxe6+ Kh8 31. Nc1 Qd6 32. Qe4 Bc7 33. Qxa4 Qa6 34. Qc2 Bxg3 0-1


[Site "https://www.chess.com"]

[Event "Titled Tuesday Blitz May 31 Late 2022"]
[White "Terletsky, Oleg"]
[Black "Weisz, Bryan"]
[WhiteFideId "14116774"]
[BlackFideId "30934133"]
[WhiteElo "2064"]
[BlackElo "2191"]
[Result "1-0"]
[Round "11"]
[TimeControl "180+1"]
[Date "2022.06.01"]
[WhiteClock "0:00:31"]
[BlackClock "0:00:05"]

1. e4 c5 2. Nf3 Nc6 3. d4 cxd4 4. Nxd4 e6 5. Nb5 Nf6 6. N1c3 d6 7. Bf4 e5 8. Bg5 Be7 9. Bxf6 gxf6 10. Nd5 O-O 11. Nxe7+ Qxe7 12. Qxd6 Be6 13. Qxe7 Nxe7 14. O-O-O Rac8 15. b3 Nc6 16. Kb2 f5 17. Nd6 Rcd8 18. exf5 Bxf5 19. Bc4 Nd4 20. Rxd4 exd4 21. Nxf5 Rfe8 22. Bd3 Re5 23. h4 Rde8 24. Rh3 Kh8 25. Nxd4 Rg8 26. Rf3 Rxg2 27. Rxf7 Rg7 28. Rf8+ Rg8 29. Rf6 Rh5 30. Rf4 Re8 31. Nf3 Kg7 32. Ng5 h6 33. Rf7+ Kg8 34. Bh7+ Kh8 35. Ne4 Rxh4 36. f3 Rh2 37. Bf5 Kg8 38. Rxb7 Rf8 39. Be6+ Kh8 40. Nd6 h5 41. Bd5 h4 42. Be4 h3 43. Rh7+ Kg8 44. Rh4 Rd2 45. Nf5 h2 46. Nh6+ Kg7 47. Ng4 Rf4 48. Rxh2 Rxh2 49. Nxh2 Kf6 50. Ng4+ Kg5 51. Kc3 Rxe4 52. fxe4 Kxg4 53. Kd4 Kf4 54. e5 1-0


[Site "https://www.chess.com"]

[Event "Titled Tuesday Blitz May 31 Late 2022"]
[White "Thiel, Thomas"]
[Black "Kujawski, Adam"]
[WhiteFideId "4615964"]
[BlackFideId "1100920"]
[WhiteElo "2201"]
[BlackElo "1982"]
[Result "1/2-1/2"]
[Round "11"]
[TimeControl "180+1"]
[Date "2022.06.01"]
[WhiteClock "0:00:44"]
[BlackClock "0:00:03"]

1. e4 e5 2. Nf3 Nc6 3. d4 exd4 4. Nxd4 Bb4+ 5. c3 Bc5 6. Be3 Bb6 7. Nf5 g6 8. Bxb6 axb6 9. Ne3 Nf6 10. Bd3 d5 11. exd5 Nxd5 12. O-O Nxe3 13. Re1 O-O 14. Rxe3 Qf6 15. Nd2 Qg7 16. Bc4 Ne5 17. Bb3 Bg4 18. Qe1 Nc6 19. h3 Bf5 20. Nf3 Rad8 21. Ne5 Nxe5 22. Rxe5 Rd7 23. Re7 Qf6 24. Rxd7 Bxd7 25. Rd1 Bc6 26. Qe3 Re8 27. Qg3 Qe5 28. Qxe5 Rxe5 29. Rd2 Kg7 30. f3 Kf6 31. Kf2 g5 32. Rd4 h5 33. f4 Rf5 34. g3 h4 35. gxh4 gxh4 36. Ke3 Ra5 37. Kf2 Ra8 38. f5 Kxf5 39. Rxh4 f6 40. Rh5+ Ke4 41. Rh7 f5 42. Bc2+ Ke5 43. Re7+ Kd6 44. Rf7 Rxa2 45. Rf6+ Ke7 46. Rxf5 Rxb2 47. Re5+ Kd6 48. Re2 Bb5 49. Rd2+ Ke5 50. Ke3 Ra2 51. Rh2 Ra8 52. h4 Rh8 53. h5 Rh6 54. Rh4 Be8 55. Bd1 Kf5 56. Rf4+ Kg5 57. Re4 Bxh5 58. Re5+ Kg6 59. Re6+ Kg5 60. Re5+ Kg6 61. Re6+ Kg5 62. Re5+ 1/2-1/2


[Site "https://www.chess.com"]

[Event "Titled Tuesday Blitz May 31 Late 2022"]
[White "Wachinger, Guenther"]
[Black "Eynullayev, Atilla"]
[WhiteFideId "4604261"]
[BlackFideId "13413570"]
[WhiteElo "2212"]
[BlackElo "1936"]
[Result "0-1"]
[Round "11"]
[TimeControl "180+1"]
[Date "2022.06.01"]
[WhiteClock "0:00:04"]
[BlackClock "0:00:51"]

1. e4 c5 2. Nf3 d6 3. d4 cxd4 4. Nxd4 Nf6 5. Nc3 a6 6. Qf3 g6 7. h3 Bg7 8. Be3 h5 9. O-O-O Nbd7 10. Be2 Qc7 11. g4 Ne5 12. Qg2 hxg4 13. hxg4 Rxh1 14. Rxh1 Nexg4 15. Bxg4 Nxg4 16. Nd5 Qa5 17. Kb1 Bd7 18. Nb3 Nxe3 19. fxe3 Qd8 20. Qh2 Be6 21. Qh7 Be5 22. Nf4 Kd7 23. Nxe6 fxe6 24. Qxg6 Qg8 25. Qh5 Qg2 26. Nd4 Rh8 27. Qxh8 Bxh8 28. Rxh8 Qg1# 0-1


[Site "https://www.chess.com"]

[Event "Titled Tuesday Blitz May 31 Late 2022"]
[White "Wieczorek, Oskar"]
[Black "Halkias, Stelios"]
[WhiteFideId "1133950"]
[BlackFideId "4201809"]
[WhiteElo "2330"]
[BlackElo "2453"]
[Result "1-0"]
[Round "11"]
[TimeControl "180+1"]
[Date "2022.05.31"]
[WhiteClock "0:00:27"]
[BlackClock "0:01:01"]

1. e4 c5 2. Nf3 d6 3. d4 cxd4 4. Nxd4 Nf6 5. Nc3 a6 6. Be2 e5 7. Nf3 Be7 8. Bg5 Nbd7 9. a4 b6 10. Nd2 h6 11. Bh4 Bb7 12. Nc4 g5 13. Bg3 Nc5 14. f3 Nh5 15. Nd5 Nf4 16. Bxf4 gxf4 17. Ncxb6 Rb8 18. b4 Bh4+ 19. Kf1 Ne6 20. c3 Rg8 21. a5 Qg5 22. Rg1 Rd8 23. Qa4+ Kf8 24. Nd7+ Kg7 25. N7f6 Bxd5 26. Nxd5 Kh8 27. Bxa6 Qh5 28. Ra2 f5 29. exf5 Ng5 30. Nf6 Qf7 31. Nxg8 Qxa2 32. Qxa2 1-0


[Site "https://www.chess.com"]

[Event "Titled Tuesday Blitz May 31 Late 2022"]
[White "Yurovskykh, Oleksandr"]
[Black "Tanenbaum, Zachary"]
[WhiteFideId "14134020"]
[BlackFideId "2060850"]
[WhiteElo "2292"]
[BlackElo "2168"]
[Result "0-1"]
[Round "11"]
[TimeControl "180+1"]
[Date "2022.05.31"]
[WhiteClock "0:00:08"]
[BlackClock "0:01:12"]

1. d4 d5 2. Bf4 Nf6 3. e3 c5 4. c3 Nc6 5. Nd2 Qb6 6. Qb3 c4 7. Qc2 g6 8. e4 dxe4 9. Bxc4 Bf5 10. Qb3 Qxb3 11. axb3 Bg7 12. Ne2 O-O 13. Ng3 Rfd8 14. b4 Nd5 15. Bxd5 Rxd5 16. Ndxe4 e5 17. dxe5 Nxe5 18. O-O Nd3 19. Bc1 Bd7 20. Rd1 Nxb4 21. Rxd5 Nxd5 22. Nc5 Bc6 23. Nd3 a6 24. Nf4 Re8 25. Nxd5 Re1+ 26. Nf1 Bxd5 27. b3 Bxc3 28. Ra5 Bxa5 0-1


[Site "https://www.chess.com"]

[Event "Titled Tuesday Blitz May 31 Late 2022"]
[White "Zhigalko, Sergei"]
[Black "Kamsky, Gata"]
[WhiteFideId "13502956"]
[BlackFideId "2000024"]
[WhiteElo "2662"]
[BlackElo "2645"]
[Result "0-1"]
[Round "11"]
[TimeControl "180+1"]
[Date "2022.05.31"]
[WhiteClock "0:00:06"]
[BlackClock "0:00:10"]

1. e4 c5 2. Nf3 e6 3. c3 d5 4. e5 d4 5. Bd3 Bd7 6. O-O Bc6 7. Re1 Ne7 8. b4 Ng6 9. b5 Bd5 10. c4 Bxf3 11. Qxf3 Qc7 12. Bxg6 hxg6 13. d3 Nd7 14. Bf4 a5 15. Nd2 Be7 16. Ne4 O-O-O 17. b6 Qxb6 18. Rab1 Qc6 19. Rb5 f5 20. exf6 gxf6 21. Reb1 f5 22. Rxb7 e5 23. Nd6+ Qxd6 24. Ra7 e4 25. Bxd6 Bxd6 26. dxe4 Bxh2+ 27. Kf1 Bb8 28. Qb3 Rh1+ 29. Ke2 Rxb1 30. Qxb1 Bxa7 31. exf5 gxf5 32. Qxf5 Re8+ 33. Kd1 Rf8 34. Qe6 Bb8 35. g4 Rxf2 36. g5 Be5 37. g6 Kc7 38. Qd5 Rf1+ 39. Ke2 Rg1 40. Qf7 Rg3 41. Kf2 a4 42. Kf1 a3 43. Kf2 Rg4 44. Kf3 Rf4+ 45. Qxf4 Bxf4 46. g7 Nf6 47. Kxf4 Kd6 48. Kf5 Ke7 49. Ke5 d3 50. g8=Q Nxg8 51. Kd5 d2 52. Kxc5 d1=Q 0-1